 Dungeon Crawl Stone Soup version 0.23-a0-143-g1adec7b (webtiles) character file.

11507 iamserjio the Nimble (level 11, 0/74 HPs)
             Began as an Octopode Summoner on Sept 2, 2018.
             Was a High Priest of Cheibriados.
             Splashed by an oklob plant's acid (14 damage)
             ... on level 11 of the Dungeon.
             The game lasted 00:45:08 (16717 turns).

iamserjio the Nimble (Octopode Summoner)           Turns: 16717, Time: 00:45:09

Health: 0/74       AC: -2    Str: 19    XL:     11   Next: 78%
Magic:  17/17      EV: 23    Int: 38    God:    Cheibriados [*****.]
Gold:   306        SH:  6    Dex: 23    Spells: 5/18 levels left

rFire    + . .     SeeInvis +     - Unarmed
rCold    . . .     Gourm    .   A - +0 buckler
rNeg     . . .     Faith    .   h - +1 hat
rPois    .         Spirit   .   (no amulet)
rElec    .         Reflect  .   e - ring of protection from fire
rCorr    .         Harm     .   n - ring of stealth
MR       .....                  E - ring of see invisible
Stlth    ++++++....             u - +6 ring of intelligence
HPRegen  0.22/turn              (no ring)
MPRegen  0.15/turn              (no ring)
                                (no ring)
                                (no ring)

@: corroded, very slow
A: almost no armour, stealthy swim, amphibious, 8 rings, constrict 8, camouflage
1, gelatinous body 1
a: Bend Time, Temporal Distortion, Slouch, Step From Time, Renounce Religion


You were on level 11 of the Dungeon.
You worshipped Cheibriados.
Cheibriados was extremely pleased with you.
You were not hungry.

You visited 2 branches of the dungeon, and saw 12 of its levels.
You visited the Abyss 1 time.

You collected 586 gold pieces.
You spent 280 gold pieces at shops.

Inventory:

Missiles
 i - 251 arrows
Armour
 h - a +1 hat (worn)
 A - a +0 buckler (worn)
Jewellery
 e - a ring of protection from fire (left tentacle)
 f - an uncursed ring of fire
 n - a ring of stealth (right tentacle)
 u - a +6 ring of intelligence (on tentacle)
 B - an uncursed ring of teleportation
 E - a ring of see invisible (on tentacle)
Wands
 g - a wand of paralysis (1)
 t - a wand of flame (42)
 y - a wand of digging (15)
Scrolls
 a - 3 scrolls of remove curse {@r2}
 k - 2 scrolls of teleportation
 l - 2 scrolls of enchant weapon
 m - a scroll of fear
 p - a scroll of magic mapping
 q - a scroll of amnesia {unknown}
 v - 4 scrolls of fog
 z - 3 scrolls of blinking {unknown}
 D - a scroll of enchant armour {unknown}
Potions
 c - 6 potions of curing {@q1}
 d - 5 potions of flight
 o - a potion of berserk rage {unknown}
 r - a potion of might
 s - a potion of magic
 w - 2 potions of haste
 x - 2 potions of cancellation
Comestibles
 b - 18 rations
 C - 4 chunks of flesh


   Skills:
 + Level 6.9 Fighting
 - Level 11.1 Dodging
 - Level 8.1 Stealth
 - Level 4.0 Shields
 + Level 10.7 Unarmed Combat
 - Level 4.0 Spellcasting
 - Level 1.1 Hexes
 - Level 5.0 Summonings
 - Level 1.1 Necromancy
 - Level 2.0 Air Magic


You had 5 spell levels left.
You knew the following spells:

 Your Spells              Type           Power        Failure   Level  Hunger
a - Summon Small Mammal   Summ           ####         1%          1    None
b - Call Canine Familiar  Summ           #####...     1%          3    None
c - Confusing Touch       Hex            ###...       2%          1    None
d - Call Imp              Summ           #####...     1%          2    None
e - Summon Lightning Spi  Summ/Air       ####....     9%          4    ###....
f - Animate Skeleton      Necr           N/A          2%          1    None
g - Apportation           Tloc           #.....       3%          1    None

Your spell library contained the following spells:

 Spells                   Type           Power        Failure   Level  Hunger
 Summon Guardian Golem    Hex/Summ       ####....     3%          3    None
 Confuse                  Hex            ###.....     7%          3    None
 Gell's Gravitas          Tloc           #.........   11%         3    None
 Summon Ice Beast         Ice/Summ       ####....     13%         4    ###....
 Petrify                  Tmut/Erth      #.......     36%         4    ###....
 Metabolic Englaciation   Hex/Ice        ##........   63%         5    #####..
 Yara's Violent Unravell  Hex/Tmut       ##........   63%         5    #####..
 Bolt of Magma            Conj/Fire/Erth #.........   71%         5    #####..
 Iskenderun's Battlesphe  Conj/Chrm      #.......     71%         5    #####..
 Venom Bolt               Conj/Pois      #.........   71%         5    #####..
 Iron Shot                Conj/Erth      #.........   99%         6    ######.
 Orb of Destruction       Conj           #.........   100%        7    #######
 Spellforged Servitor     Conj/Summ      ####......   100%        7    #######


Dungeon Overview and Level Annotations

Branches:
Dungeon (11/15)            Temple (1/1) D:4            Lair (0/6) D:11
    Orc: D:9-12

Altars:
Ashenzari
Cheibriados
Dithmenos
Elyvilon
Fedhas
Gozag
Hepliaklqana
Kikubaaqudgha
Makhleb
Nemelex Xobeh
Okawaru
Qazlal
Ru
Sif Muna
Trog
Uskayaw
Vehumet
Wu Jian
Xom
Yredelemnul
Zin
The Shining One
Beogh

Shops:
D:6 :   D:9 *   D:10 [

Annotations:
D:11 exclusions: oklob plant and ugly thing


Innate Abilities, Weirdness & Mutations

You cannot wear most types of armour.
You are very stealthy in the water. (Stealth+)
You are amphibious.
You can wear up to eight rings at the same time.
You can use your tentacles to constrict eight enemies at once.
Your skin changes colour to match your surroundings (Stealth+).
Your rubbery body absorbs attacks. (AC +1, EV +1)


Message History

The oklob plant spits acid at you.
The splash of acid hits your cyclops skeleton.
Your cyclops skeleton is splashed with acid.
The acid corrodes your cyclops skeleton!
Your yak skeleton gores the oklob plant but does no damage.
The oklob plant spits acid at you.
The splash of acid hits your cyclops skeleton.
Your cyclops skeleton is splashed with acid.
The acid corrodes your cyclops skeleton!
Your cyclops skeleton is destroyed!
Your yak skeleton gores the oklob plant but does no damage.
The oklob plant spits acid at you. The splash of acid hits you!
You are splashed with acid!
The acid burns!
Your yak skeleton gores the oklob plant but does no damage.
The oklob plant spits acid at you. The splash of acid hits you!
* * * LOW HITPOINT WARNING * * *
The acid corrodes you!
You are splashed with acid!
The acid burns!
You die...

... ..# h.....
#.##P..##.##......
....#...PPPP..#.......
.....#≈.PP>PZ.≈#.......
.....#...PPP...#.......
#..#.#.##PPP##.#.......
.#..#.#..#...#..#.......
.#..#..#...≈...#@Z.#..#
.#..#.....###.........:.
.#..#...................
.#........#.............
..........##............
.......Z..##..........[...
..........####............
..................#.......
#........#####....#.......


You could see an oklob plant, a howler monkey (sleeping) and 2 friendly yak
skeletons.

Vanquished Creatures
  Erica (D:8)
  A two-headed ogre (D:10)
  Pikel (D:4)
  A cyclops (D:11)
  Sigmund (D:2)
  A spriggan (D:7)
  8 yaks
  3 ice beasts
  A black bear (D:9)
  A slave (D:3)
  An orc warrior (D:10)
  An eye of draining (D:9)
  A hornet zombie (D:7)
  A phantom (D:8)
  A necrophage (D:8)
  2 sky beasts (D:8)
  6 centaurs
  A big kobold (D:10)
  A wyvern zombie (D:7)
  8 bullfrogs
  2 scorpions
  4 killer bees
  5 howler monkeys
  4 crimson imps
  2 hounds
  A quasit (D:11)
  3 jellies
  An orc wizard (D:5)
  A gnoll shaman (D:4)
  An orc priest (D:7)
  Crazy Yiuf (D:3)
  2 centaur skeletons
  An iguana (D:4)
  3 worker ants
  A hound zombie (D:2)
  A hound skeleton (D:5)
  A worker ant zombie (D:7)
  Robin (D:2)
  4 gnolls (D:4)
  6 adders
  A shadow imp (D:5)
  An ooze (D:5)
  An adder zombie (D:7)
  2 worms (D:3)
  A dart slug (D:4)
  7 leopard geckos
  26 orcs
  5 giant cockroaches
  7 hobgoblins
  5 jackals
  9 kobolds
  3 quokkas
  9 bats
  5 frilled lizards
  9 goblins
  A jackal skeleton (D:5)
  A leopard gecko skeleton (D:6)
  A quokka skeleton (D:6)
  A quokka zombie (D:6)
  5 rats
187 creatures vanquished.

Vanquished Creatures (collateral kills)
  Gastronok (D:8)
  A hydra (D:11)
  Harold (D:10)
  Psyche (D:8)
  A hippogriff (D:11)
  4 yaks
  A water moccasin (D:11)
  3 orc warriors
  A sky beast (D:5)
  A phantom (D:4)
  3 ogres
  A big kobold (D:8)
  A bullfrog (D:11)
  3 killer bees
  4 wights (D:10)
  A howler monkey (D:8)
  A quasit (D:8)
  A bullfrog zombie (D:10)
  2 hounds
  An orc priest (D:10)
  An iguana (D:4)
  A worker ant (D:10)
  A worker ant zombie (D:11)
  A gnoll (D:4)
  2 adders
  2 worms (D:2)
  21 orcs
  A hobgoblin (D:1)
  A jackal (D:1)
  6 kobolds
  8 goblins
78 creatures vanquished.

Vanquished Creatures (others)
  Menkaure (D:4)
  A slave (D:4)
  A scorpion (D:4)
  2 worker ants (D:4)
  An adder (D:4)
  An ooze (D:4)
  An orc (D:10)
  A giant cockroach (D:4)
9 creatures vanquished.

Grand Total: 274 creatures vanquished

Notes
Turn   | Place    | Note
-------+----------+-------------------------------------------
     0 | D:1      | iamserjio the Octopode Summoner began the quest for the
                  | Orb.
     0 | D:1      | Reached XP level 1. HP: 11/11 MP: 3/3
    93 | D:1      | Reached skill level 1 in Unarmed Combat
   110 | D:1      | Reached XP level 2. HP: 18/18 MP: 5/5
   176 | D:1      | Reached skill level 1 in Fighting
   509 | D:1      | Reached XP level 3. HP: 11/23 MP: 6/6
  1432 | D:2      | Learned a level 3 spell: Call Canine Familiar
  1488 | D:2      | Reached XP level 4. HP: 18/29 MP: 7/7
  1702 | D:2      | Noticed Robin
  1712 | D:2      | Killed Robin
  2230 | D:2      | Found a faded altar of an unknown god.
  2747 | D:2      | Found a shimmering altar of Xom.
  2748 | D:2      | Found a sacrificial altar of Ru.
  3169 | D:2      | You fall through a shaft!
  3352 | D:2      | Noticed Sigmund
  3678 | D:3      | Reached XP level 5. HP: 31/34 MP: 8/8
  4835 | D:3      | Found a runed door.
  5645 | D:4      | Reached XP level 6. HP: 25/41 MP: 9/9
  5914 | D:4      | Noticed Pikel
  5920 | D:4      | Noticed a slave
  5946 | D:3      | Killed a slave
  6151 | D:4      | Noticed a slave
  6156 | D:4      | Killed Pikel
  6156 | D:4      | Reached skill level 5 in Stealth
  6156 | D:4      | Reached skill level 5 in Unarmed Combat
  6156 | D:4      | Reached XP level 7. HP: 47/47 MP: 7/10
  6427 | D:4      | Found a staircase to the Ecumenical Temple.
  6462 | D:4      | Noticed Menkaure
  6488 | D:4      | Killed Menkaure
  6656 | D:4      | Found a hide-covered altar of Uskayaw.
  6977 | Temple   | Entered the Ecumenical Temple
  7622 | D:4      | Found an opulent altar of Gozag.
  7624 | D:4      | Found a burning altar of Makhleb.
  7624 | D:4      | Found a basalt altar of Yredelemnul.
  7624 | D:4      | Found a shadowy altar of Dithmenos.
  7625 | D:4      | Found a deep blue altar of Sif Muna.
  7628 | D:4      | Found an ornate altar of the Wu Jian Council.
  7786 | D:2      | Learned a level 1 spell: Confusing Touch
  7789 | D:2      | Learned a level 2 spell: Call Imp
  7805 | D:2      | Killed Sigmund
  7805 | D:2      | Reached XP level 8. HP: 23/54 MP: 8/11
  8107 | D:3      | Noticed Crazy Yiuf
  8119 | D:3      | Killed Crazy Yiuf
  8245 | D:5      | Entered Level 5 of the Dungeon
  8604 | D:5      | Found a snail-covered altar of Cheibriados.
  8625 | D:5      | Became a worshipper of Cheibriados the Contemplative
  9102 | D:5      | Learned a level 4 spell: Summon Lightning Spire
  9951 | D:6      | Reached skill level 1 in Hexes
 10152 | D:6      | Reached * piety under Cheibriados
 10610 | D:6      | Reached XP level 9. HP: 29/59 MP: 8/12
 10843 | D:6      | Found Oshruq's Book Emporium.
 11296 | D:7      | Reached skill level 5 in Fighting
 12171 | D:7      | Reached ** piety under Cheibriados
 12446 | D:7      | Reached skill level 5 in Summonings
 12900 | D:6      | Bought a book of Cantrips for 280 gold pieces
 12902 | D:6      | Learned a level 1 spell: Animate Skeleton
 12965 | D:7      | Reached skill level 11 in Dodging
 12965 | D:7      | Reached XP level 10. HP: 66/66 MP: 13/13
 13310 | D:8      | Noticed Erica
 13331 | D:8      | Killed Erica
 13331 | D:8      | Reached *** piety under Cheibriados
 13331 | D:8      | Reached skill level 1 in Necromancy
 13434 | D:8      | Reached skill level 10 in Unarmed Combat
 13442 | D:8      | Noticed Psyche
 13448 | D:8      | Cast into level 1 of the Abyss (Psyche)
 13522 | Abyss:1  | Noticed a lich
 13522 | Abyss:1  | Noticed a wretched star
 13525 | Abyss:1  | Noticed a large abomination
 13537 | Abyss:1  | Found a corrupted altar of Lugonu.
 13617 | Abyss:1  | Noticed a starcursed mass
 13620 | D:8      | Escaped the Abyss
 13629 | D:8      | Killed Psyche
 13629 | D:8      | Reached XP level 11. HP: 71/72 MP: 2/15
 13740 | D:8      | Noticed Gastronok
 13766 | D:8      | Killed Gastronok
 13893 | D:8      | Found a sparkling altar of Nemelex Xobeh.
 13954 | D:8      | Learned a level 1 spell: Apportation
 14095 | D:9      | Found a shimmering altar of Xom.
 14272 | D:9      | Found a shattered altar of Ashenzari.
 14303 | D:9      | Found Jeham's Demolitions Depot.
 14835 | D:10     | Entered Level 10 of the Dungeon
 14846 | D:10     | Reached skill level 1 in Shields
 14847 | D:10     | Noticed a two-headed ogre
 14864 | D:10     | Killed a two-headed ogre
 15129 | D:10     | Found Posei's Armour Emporium.
 15349 | D:10     | Reached **** piety under Cheibriados
 15577 | D:10     | Noticed Harold
 15587 | D:10     | Killed Harold
 15587 | D:10     | Reached skill level 1 in Air Magic
 15697 | D:10     | Found a roughly hewn altar of Beogh.
 15934 | D:10     | Reached ***** piety under Cheibriados
 16398 | D:11     | Noticed a white ugly thing
 16457 | D:11     | Noticed a cyclops
 16492 | D:11     | Killed a cyclops
 16645 | D:11     | Noticed a four-headed hydra
 16660 | D:11     | Killed a four-headed hydra
 16691 | D:11     | Noticed an oklob plant
 16693 | D:11     | Found a staircase to the Lair.
 16717 | D:11     | Splashed by an oklob plant's acid

Vault maps used:
D:1:      giann_horns, hangedman_decor_peaks_small
D:2:      gammafunk_temple_overflow_statue, chequers_ecumenical_altar_simple,
          fountainhead, minmay_tetromino_l4, uniq_robin, uniq_sigmund
D:3:      kennysheep_generic_room_3, uniq_crazy_yiuf_cottage
D:4:      lemuel_doored_altar, minitemple, temple_doors_e, uniq_menkaure,
          uniq_pikel
D:5:      kennysheep_mini_moat, first_ration, minmay_misc_feat_more_columns
D:6:      serial_shops, shop_statue, mrwooster_statue_mirror
D:7:      cheibrodos_quashed, the_bakery
D:8:      nemelex_lonely_heart_becter, uniq_erica, uniq_gastronok, uniq_psyche
D:9:      nicolae_ashenzari_panopticon, basic_altar, nicolae_blasting_shop
D:10:     serial_shops, shop, special_room, uniq_harold
D:11:     dpeg_oklobed_lair
Temple:   bh_familiar_temple

Skill      XL: |  1  2  3  4  5  6  7  8  9 10 11 |
---------------+----------------------------------+-----
Unarmed Combat | 1 2 3 4 5 7 8 9 10 | 10.7
Fighting       | 1 2 3 4 5 6 |  6.9
Stealth        | 3 5 7 8 |  8.1
Hexes          | 1 |  1.1
Summonings     | 5 |  5.0
Dodging        | 11 | 11.1
Spellcasting   | 3 4 |  4.0
Necromancy     | 1 |  1.1
Shields        | 4 |  4.0
Air Magic      | 2 |  2.0

Action                   |  1- 3 |  4- 6 |  7- 9 | 10-12 || total
-------------------------+-------+-------+-------+-------++-------
Melee: Unarmed           |    81 |   170 |   265 |   195 ||   711
       Constrict         |    22 |    41 |    40 |    33 ||   136
       Tentacles         |    13 |    26 |    43 |    69 ||   151
       Punch             |     2 |     5 |    19 |    13 ||    39
 Cast: Summon Small Mamm |    10 |     3 |       |       ||    13
       Call Canine Famil |       |    13 |    25 |    12 ||    50
       Confusing Touch   |       |       |     4 |     7 ||    11
       Summon Lightning  |       |       |     1 |    20 ||    21
       Animate Skeleton  |       |       |       |    21 ||    21
       Call Imp          |       |       |       |     3 ||     3
Evoke: Wand              |       |       |       |     7 ||     7
  Use: Scroll            |       |     5 |     4 |     8 ||    17
       Potion            |       |     1 |     2 |     5 ||     8
 Stab: Sleeping          |    11 |     4 |    10 |     2 ||    27
       Distracted        |       |     2 |     3 |     7 ||    12
       Confused          |       |       |     4 |     3 ||     7
       Paralysed         |       |       |       |     1 ||     1
  Eat: Chunk             |     1 |    12 |    12 |     9 ||    34
       Ration            |       |     1 |     3 |       ||     4
Armor: Skin              |    12 |    18 |    10 |     6 ||    46
Dodge: Dodged            |    44 |    76 |   126 |   135 ||   381
Block: Buckler           |       |       |       |    11 ||    11

Table legend:
 A = Non-vault XP
 B = Vault XP
 C = Vault XP percentage of total XP
 D = Non-vault monster count
 E = Vault monster count
 F = Vault count percentage of total count
                 A         B        C        D         E       F
            +---------+---------+-------+---------+---------+-------
      Total |    9071 |    3709 |  29.0 |     217 |      48 |  18.1
            +---------+---------+-------+---------+---------+-------
        D:1 |      47 |       0 |   0.0 |      31 |       0 |   0.0
        D:2 |      78 |     267 |  77.4 |      13 |      16 |  55.2
        D:3 |      81 |      35 |  30.2 |      16 |       3 |  15.8
        D:4 |     424 |     491 |  53.7 |      18 |       1 |   5.3
        D:5 |     677 |       0 |   0.0 |      20 |       0 |   0.0
        D:6 |     331 |       0 |   0.0 |      10 |       0 |   0.0
        D:7 |     789 |     188 |  19.2 |      20 |       1 |   4.8
        D:8 |    1298 |    1966 |  60.2 |      33 |       3 |   8.3
        D:9 |     705 |       0 |   0.0 |       7 |       0 |   0.0
       D:10 |    2923 |     762 |  20.7 |      38 |      24 |  38.7
       D:11 |    1718 |       0 |   0.0 |      11 |       0 |   0.0
            +---------+---------+-------+---------+---------+-------
